Map: Frozen Temple

Players

Womec

  • Race: Terran Terran
  • League: Master

Freak - Winner!

  • Race: Protoss Protoss
  • League: Master

VOD

Have the link to the VOD?

Description

Found on GG Tracker:
http://ggtracker.com/matches/6560603

Time

  • Played on: March 28, 2016, 10:09 a.m.
  • Length: 17:22
Show
View Real Time Build Order
Export as new Build Order

Womec Terran 

Build Orders: Mech 

Get SALT Encoding   

  12  0:00  SCV  
  13  0:13  SCV  
  14  0:19  Supply Depot  
  14  0:25  SCV  
  15  0:40  SCV  
  15  0:42  Barracks  
  16  0:52  SCV  
  17  1:04  SCV  
  18  1:15  Command Center  
  18  1:30  Marine  
  18  1:32  Orbital Command  
  19  1:38  Supply Depot  
  19  1:48  Marine  
  19  1:51  Refinery  
  19  1:52  Refinery  
  20  2:06  Bunker  
  20  2:07  SCV  
  21  2:15  Marine  
  22  2:20  SCV  
  23  2:28  Orbital Command  
  23  2:32  SCV  
  24  2:41  Factory  
  24  2:44  Barracks Reactor  
  24  2:47  Orbital Command  
  24  2:48  SCV  
  25  3:00  SCV  
  26  3:11  Engineering Bay  
  26  3:12  SCV  
  27  3:17  SCV  
  28  3:24  SCV  
  29  3:27  Factory  
  29  3:29  SCV  
  29  3:32  Widow Mine x2, Barracks Reactor  
  34  3:36  SCV  
  35  3:42  SCV  
  35  3:44  Missile Turret  
  35  3:46  Missile Turret  
  36  3:49  SCV  
  36  3:54  SCV  
  38  3:56  Missile Turret  
  38  4:00  Widow Mine x2  
  38  4:01  SCV  
  43  4:09  SCV  
  44  4:11  Factory Tech Lab  
  44  4:12  Factory  
  44  4:14  Marine  
  44  4:15  Marine  
  46  4:21  Supply Depot  
  46  4:33  SCV  
  46  4:52  Armory, Refinery, Widow Mine x2  
  46  4:53  SCV, Siege Tank, Refinery  
  46  4:57  Supply Depot x2  
  54  5:18  SCV x2, Widow Mine x2  
  54  5:19  Supply Depot  
  60  5:21  Supply Depot  
  57  5:31  SCV  
  54  5:47  Widow Mine x2  
  54  5:48  Widow Mine  
  53  6:01  SCV  
  53  6:02  SCV  
  55  6:06  Siege Tank  
  58  6:13  Supply Depot  
  58  6:14  SCV x2  
  58  6:15  Drilling Claws  
  58  6:16  Supply Depot  
  58  6:17  Supply Depot  
  60  6:22  Widow Mine x3  
  60  6:23  Widow Mine  
  68  6:27  SCV x2  
  70  6:39  SCV, Siege Tank  
  74  6:42  SCV  
  75  6:47  Supply Depot  
  75  6:51  SCV, Widow Mine x3  
  82  6:54  SCV  
  83  7:04  SCV  
  84  7:09  Hellion  
  84  7:11  Siege Tank  
  84  7:13  Supply Depot  
  84  7:14  SCV  
  90  7:16  SCV  
  90  7:20  Hellion x3  
  95  7:42  Widow Mine x3  
  101  7:50  Supply Depot x2  
  101  7:51  Supply Depot  
  101  7:58  Supply Depot  
  101  8:00  Supply Depot  
  101  8:01  Siege Tank  
  100  8:15  Widow Mine x4  
  108  8:31  Supply Depot  
  108  8:33  Siege Tank  
  105  8:43  Widow Mine  
  93  8:57  Widow Mine x3  
  94  9:05  Missile Turret, Siege Tank  
  91  9:14  Widow Mine  
  78  9:25  Missile Turret, Widow Mine x2  
  80  9:37  Siege Tank  
  83  9:41  Command Center  
  81  9:47  Widow Mine x2  
  73  10:00  Factory  
  65  10:09  Siege Tank  
  65  10:14  Widow Mine x2  
  58  10:35  SCV  
  59  10:41  Siege Tank  
  59  10:42  Widow Mine x3  
  62  10:43  Factory  
  66  10:53  SCV x2  
  66  10:55  Orbital Command  
  68  11:00  Factory Tech Lab  
  68  11:05  SCV  
  68  11:10  Widow Mine  
  68  11:11  Widow Mine x2  
  71  11:13  Siege Tank  
  71  11:16  Orbital Command, Refinery  
  74  11:20  Refinery  
  74  11:21  Missile Turret  
  74  11:33  SCV x2  
  74  11:38  Sensor Tower  
  76  11:43  SCV  
  76  11:45  SCV x2, Siege Tank  
  82  11:50  Siege Tank  
  82  11:51  Widow Mine  
  82  11:52  Factory Tech Lab  
  87  11:55  SCV  
  87  11:57  SCV x2  
  90  12:05  Missile Turret  
  74  12:18  Siege Tank  
  66  12:23  Widow Mine x2  
  66  12:24  Widow Mine x2, Siege Tank x2  
  80  12:36  SCV  
  81  12:47  Terran Vehicle And Ship Armor Level 1  
  81  12:49  Widow Mine  
  83  12:52  Widow Mine x3  
  83  12:56  Siege Tank x2  
  83  12:57  Missile Turret  
  95  13:03  Widow Mine  
  97  13:18  SCV x3, Siege Tank  
  99  13:20  Widow Mine  
  81  13:28  Siege Tank x2  
  77  13:37  Missile Turret  
  77  13:46  Widow Mine x2  
  77  13:47  Missile Turret  
  81  13:50  Siege Tank  
  81  13:52  Widow Mine  
  74  14:00  Siege Tank x2  
  77  14:15  Missile Turret  
  74  14:17  Widow Mine x2  
  74  14:22  Siege Tank  
  81  14:31  SCV x2  
  81  14:32  SCV  
  73  14:46  Widow Mine x2  
  73  14:47  Widow Mine x3  
  73  14:48  Siege Tank  
  86  15:03  Missile Turret  
  86  15:04  Widow Mine  
  86  15:05  Missile Turret  
  88  15:07  Missile Turret  
  88  15:15  Widow Mine x3  
  88  15:16  Siege Tank  
  88  15:20  Siege Tank  
  100  15:23  Starport  
  100  15:25  Starport  
  100  15:35  Widow Mine x2  
  104  15:43  Widow Mine  
  104  15:47  Command Center  
  104  16:08  Missile Turret  
  104  16:11  Widow Mine x4, Siege Tank  
  98  16:12  Widow Mine, Siege Tank  
  82  16:39  Widow Mine x3  
  82  16:40  Siege Tank  
  82  16:41  Widow Mine  
  82  16:43  Siege Tank  
  82  16:44  Siege Tank  
Show
View Real Time Build Order
Export as new Build Order

Freak Protoss - Winner!

Build Orders: 1 Gate Expand, Blink Stalkers 

Get SALT Encoding   

  12  0:00  Probe (Chrono Boost)  
  13  0:11  Probe (Chrono Boost)  
  14  0:20  Pylon  
  14  0:23  Probe (Chrono Boost)  
  15  0:38  Probe (Chrono Boost)  
  15  0:40  Gateway  
  16  0:46  Assimilator  
  16  0:51  Probe (Chrono Boost)  
  17  1:01  Probe (Chrono Boost)  
  18  1:12  Probe (Chrono Boost)  
  19  1:27  Probe (Chrono Boost)  
  20  1:37  Nexus  
  20  1:38  Probe (Chrono Boost)  
  21  1:42  Cybernetics Core  
  21  1:49  Probe (Chrono Boost)  
  21  1:50  Assimilator  
  22  1:55  Pylon  
  22  2:00  Probe (Chrono Boost)  
  23  2:14  Probe (Chrono Boost)  
  24  2:18  Stalker (Chrono Boost)  
  24  2:21  Twilight Council  
  26  2:25  Warp Gate  
  26  2:28  Probe  
  27  2:40  Probe  
  28  2:45  Stalker (Chrono Boost)  
  30  2:52  Probe  
  31  3:00  Gateway  
  31  3:02  Blink (Chrono Boost)  
  31  3:06  Probe  
  31  3:07  Probe  
  33  3:17  Probe  
  33  3:18  Stalker  
  36  3:23  Probe  
  37  3:27  Probe  
  37  3:32  Gateway  
  38  3:35  Pylon  
  38  3:45  Probe  
  38  3:46  Probe  
  38  3:47  Stalker  
  42  3:55  Probe  
  42  3:58  Probe  
  42  4:00  Stalker  
  46  4:06  Gateway, Probe  
  47  4:10  Probe  
  47  4:12  Assimilator  
  47  4:14  Assimilator  
  47  4:16  Probe  
  48  4:20  Pylon  
  49  4:38  Robotics Facility  
  49  4:47  Probe  
  49  4:49  Probe  
  51  4:54  Forge  
  51  4:57  Stalker x2  
  51  4:58  Stalker  
  51  4:59  Probe  
  58  5:02  Pylon  
  58  5:03  Stalker  
  60  5:17  Gateway  
  60  5:27  Stalker x4  
  54  6:04  Stalker  
  54  6:05  Stalker x3  
  54  6:06  Observer (Chrono Boost)  
  54  6:07  Protoss Ground Weapons Level 1 (Chrono Boost)  
  54  6:09  Photon Cannon  
  63  6:11  Photon Cannon  
  63  6:16  Stalker  
  65  6:19  Probe  
  65  6:25  Nexus  
  66  6:38  Stalker x2  
  70  6:42  Pylon  
  70  6:43  Pylon  
  70  6:44  Pylon  
  70  6:49  Pylon  
  70  7:00  Observer  
  71  7:05  Stalker  
  71  7:06  Stalker x4  
  80  7:42  Probe x2  
  80  7:43  Probe  
  81  7:48  Immortal (Chrono Boost)  
  81  7:50  Protoss Ground Weapons Level 2 (Chrono Boost)  
  85  7:51  Stalker  
  85  7:52  Stalker x2  
  85  7:53  Stalker, Robotics Facility  
  85  7:55  Probe  
  94  8:02  Probe  
  79  8:05  Probe  
  79  8:07  Probe  
  77  8:13  Probe  
  77  8:16  Probe  
  77  8:18  Templar Archives  
  77  8:19  Charge, Probe  
  80  8:23  Probe  
  80  8:25  Immortal  
  83  9:03  Stalker x5  
  67  9:20  Observer  
  67  9:21  Probe  
  67  9:22  Probe  
  67  9:33  Stalker x4, Probe  
  67  9:34  Stalker  
  67  9:35  Probe  
  79  9:39  Photon Cannon  
  79  9:41  Probe  
  79  9:44  Probe  
  70  10:12  Observer  
  66  10:19  Stalker x5  
  66  10:20  Robotics Facility  
  74  10:21  Psionic Storm  
  74  10:28  Pylon  
  74  10:34  Gateway  
  74  10:35  Gateway  
  74  10:37  Gateway  
  74  10:38  Photon Cannon  
  69  10:46  Observer  
  69  10:49  Stalker  
  70  10:50  Stalker x4, Probe  
  70  10:51  Probe  
  70  10:53  Assimilator  
  70  10:54  Probe, Assimilator  
  81  11:00  Protoss Ground Weapons Level 3 (Chrono Boost)  
  81  11:14  Nexus  
  81  11:17  Assimilator  
  78  11:20  Assimilator  
  78  11:22  High Templar  
  78  11:24  High Templar, Pylon  
  78  11:25  Zealot x3  
  88  11:27  Pylon  
  88  11:32  Pylon  
  88  11:33  Pylon  
  88  11:34  Immortal  
  92  11:42  Probe  
  92  11:43  Probe  
  92  11:44  Zealot x2  
  92  11:45  Zealot x4  
  106  11:53  Probe  
  106  11:56  Photon Cannon  
  106  11:59  Pylon  
  72  12:24  Zealot x8  
  72  12:25  Observer x2  
  72  12:26  Observer  
  72  12:28  Probe  
  72  12:29  Probe  
  93  12:31  Probe  
  93  12:34  Probe  
  95  12:38  Probe  
  95  12:41  Probe x2  
  98  12:45  Probe  
  98  12:50  High Templar, Gateway  
  98  12:51  High Templar, Gateway  
  103  12:53  Gateway  
  103  12:54  High Templar x2  
  103  12:55  High Templar  
  107  13:06  Photon Cannon  
  83  13:35  Zealot x8  
  78  14:07  Zealot x8  
  78  14:08  Immortal x3  
  96  14:13  Probe x2  
  96  14:15  Probe  
  95  14:23  Stargate  
  76  14:45  Zealot x8  
  92  14:47  Immortal  
  96  14:54  Zealot  
  96  14:59  Immortal  
  106  15:00  Immortal  
  106  15:03  High Templar x2  
  110  15:20  Stargate  
  110  15:25  Fleet Beacon  
  114  15:28  Immortal  
  114  15:33  Nexus  
  114  15:39  Observer x2  
  114  15:41  Protoss Ground Armor Level 1 (Chrono Boost)  
  114  15:42  High Templar x4  
  124  15:59  Warp Prism  
  124  16:08  Zealot x7  
  116  16:26  Zealot x3  
  116  16:27  Zealot  
  116  16:31  Zealot x7  
  130  16:35  Observer  
  130  16:36  Observer x2  
  111  16:57  Observer x2  
  95  17:18  Photon Cannon  
Tags
 
Add a new tag
Caveats
  • Supply blocks, unpowered buildings, or Contaminate may cause inaccurate times.
  • Supply counts are checked every 10 seconds.